 Dungeon Crawl Stone Soup version 0.31.0-9-g3a7656b989 (webtiles) character file.

Game seed: 13130402050419053161

807 JustSomeDude the Ducker (level 7, 0/60 HPs)
             Began as a Gnoll Monk on Jan 24, 2024.
             Was a Follower of Yredelemnul.
             Slain by a scorpion (3 damage)
             ... on level 5 of the Dungeon.
             The game lasted 00:16:27 (3509 turns).

JustSomeDude the Ducker (Gnoll Monk)                Turns: 3509, Time: 00:16:30

Health: 0/60       AC:  4    Str: 13    XL:     7   Next: 92%
Magic:  11/11      EV: 14    Int: 15    God:    Yredelemnul [*.....]
Gold:   241        SH:  0    Dex: 14    Spells: 11/11 levels left

rFire   . . .        a - +0 spear
rCold   . . .        d - orb {light}
rNeg    . . .        l - +0 leather armour
rPois   .            (no helmet)
rElec   .            g - +0 cloak
rCorr   .            (no gloves)
SInv    .            (no boots)
Will    .....        (no amulet)
Stlth   +            q - +6 ring of intelligence
HPRegen 0.30/turn    (no ring)
MPRegen 0.12/turn

%: no passive effects
@: confused, brilliant, lethally poisoned (0 -> -11), ambrosia-drunk, glowing
A: fangs 1, strong nose, distributed training
a: Renounce Religion, Recall Undead Harvest


You were on level 5 of the Dungeon.
You worshipped Yredelemnul.
Yredelemnul was noncommittal.
You visited 1 branch of the dungeon, and saw 5 of its levels.
You also visited: Sewer.

You collected 241 gold pieces.

Inventory:

Hand Weapons
 a - a +0 spear (weapon)
Armour
 b - a +0 robe
 d - an orb of light (worn)
 g - a +0 cloak (worn)
 l - a +0 leather armour (worn)
Magical Staves
 v - a staff of alchemy
Jewellery
 q - a +6 ring of intelligence (left hand)
Talismans
 j - a blade talisman
Wands
 k - a wand of flame (13)
 t - a wand of roots (3)
Scrolls
 e - a scroll of fog {unknown}
 f - a scroll of revelation {unknown}
 h - a scroll of noise {unknown}
 i - 2 scrolls of teleportation {unknown}
 n - 2 scrolls of blinking
 p - a scroll of immolation {unknown}
 u - a scroll of acquirement {unknown}
Potions
 m - 2 potions of brilliance
 r - 2 potions of enlightenment {unknown}
 s - a potion of heal wounds {unknown}
Miscellaneous
 c - a lightning rod (2/4)


   Skills:
 + Level 7.2 Fighting
 + Level 2.9 Short Blades
 + Level 2.9 Long Blades
 + Level 2.9 Axes
 + Level 2.9 Maces & Flails
 + Level 7.2 Polearms
 + Level 2.9 Staves
 + Level 2.9 Ranged Weapons
 + Level 2.9 Throwing
 + Level 2.9 Armour
 + Level 7.2 Dodging
 + Level 2.9 Stealth
 + Level 2.9 Shields
 + Level 2.9 Unarmed Combat
 + Level 2.9 Spellcasting
 + Level 2.3 Conjurations
 + Level 2.3 Hexes
 + Level 2.3 Summonings
 + Level 2.3 Necromancy
 + Level 2.3 Translocations
 + Level 2.3 Fire Magic
 + Level 2.3 Ice Magic
 + Level 2.3 Air Magic
 + Level 2.3 Earth Magic
 + Level 2.3 Alchemy
 + Level 3.2 Invocations
 + Level 2.9 Evocations
 + Level 2.6 Shapeshifting


You had 11 spell levels left.
You didn't know any spells.
Your spell library was empty.

Dungeon Overview and Level Annotations

Branches:
Dungeon (5/15)              Sewer (visited)
 Temple: D:4-7

Altars:
Cheibriados
Hepliaklqana
Kikubaaqudgha
Ru
Sif Muna
Yredelemnul

Shops:
D:1 ((


Innate Abilities, Weirdness & Mutations

You have very sharp teeth.
Your uncanny sense of smell can sniff out nearby items.
Your experience applies equally to all skills.


Message History

The orc dies!
The dead are walking!
You are confused.
You feel invigorated.
* * * LOW HITPOINT WARNING * * *
You feel very sick. The scorpion misses you. The scorpion stings you.
* * * LOW HITPOINT WARNING * * *
* * * LOW HITPOINT WARNING * * *
You feel very sick.
Your orc zombie barely misses the scorpion.
The scorpion closely misses you.
A scorpion comes into view.
A hound comes into view.
* * * LOW HITPOINT WARNING * * *
You feel very sick. The scorpion stings you.
* * * LOW HITPOINT WARNING * * *
You are more poisoned.
The scorpion poisons you!
Your jelly zombie hits the scorpion but does no damage.
Your orc zombie hits the scorpion.
* * * LOW HITPOINT WARNING * * *
You feel very sick. The scorpion closely misses you.
Your jelly zombie hits the scorpion but does no damage.
Your orc zombie completely misses the scorpion.
Your jelly zombie hits the scorpion.
The hound misses you.
* * * LOW HITPOINT WARNING * * *
You feel very sick. The scorpion barely misses you.
The hound barely misses you.
Your jelly zombie closely misses the scorpion.
Your orc zombie hits the scorpion but does no damage.
Your jelly zombie barely misses the scorpion.
It was a potion of brilliance.
You feel clever all of a sudden.
* * * LOW HITPOINT WARNING * * *
You feel very sick. The scorpion stings you.
You die...
Your body rises from the dead as a mindless zombie.

#########
#..........
....#.....
.....##...
###....#.#..
##@s.....#.#
..###hZZZ.....#
.........<.....#.#
.......s........#.
.........$.......#
..................
..................
.................#
................#.


You could see 2 scorpions, a hound, 2 friendly jelly zombies and a friendly orc
zombie.

Vanquished Creatures
  A centaur (D:5)
  A phantom (D:4)
  2 bullfrogs (Sewer)
  An orc priest (D:3)
  2 jellies (D:5)
  Terence (D:3)
  Jessica (D:3)
  Natasha (thrice) (D:3)
  An orc wizard (D:3)
  11 adders
  11 dart slugs
  3 ribbon worms (D:2)
  7 orcs
  13 endoplasms
  9 giant cockroaches (Sewer)
  4 hobgoblins
  3 jackals (D:4)
  4 quokkas
  13 ball pythons
  9 frilled lizards
  6 goblins
  9 kobolds
  3 rats (D:2)
118 creatures vanquished.

Vanquished Creatures (collateral kills)
  An orc priest (D:4)
  3 orcs
  2 endoplasms (D:4)
  A jackal (D:4)
  A kobold (D:3)
8 creatures vanquished.

Vanquished Creatures (others)
  2 adder zombies (D:3)
  A goblin zombie (D:4)
  3 jackal zombies (D:4)
  An orc zombie (D:4)
  2 quokka zombies (D:3)
9 creatures vanquished.

Grand Total: 135 creatures vanquished

Notes
Turn   | Place    | Note
-------+----------+-------------------------------------------
     0 | D:1      | JustSomeDude the Gnoll Monk began the quest for the Orb.
     0 | D:1      | Reached XP level 1. HP: 23/23 MP: 1/1
    38 | D:1      | Found Ylutyfut's Antique Weapon Shop.
    47 | D:1      | Found Bufeabia's Weapon Boutique.
    70 | D:1      | Reached XP level 2. HP: 15/29 MP: 2/2
   259 | D:2      | Reached XP level 3. HP: 35/35 MP: 3/3
   335 | D:2      | Reached skill level 1 in Invocations
   432 | D:2      | Reached skill level 1 in Short Blades
   432 | D:2      | Reached skill level 1 in Long Blades
   432 | D:2      | Reached skill level 1 in Axes
   432 | D:2      | Reached skill level 1 in Maces & Flails
   432 | D:2      | Reached skill level 1 in Staves
   432 | D:2      | Reached skill level 1 in Ranged Weapons
   432 | D:2      | Reached skill level 1 in Throwing
   432 | D:2      | Reached skill level 1 in Armour
   432 | D:2      | Reached skill level 1 in Stealth
   432 | D:2      | Reached skill level 1 in Shields
   432 | D:2      | Reached skill level 1 in Unarmed Combat
   432 | D:2      | Reached skill level 1 in Spellcasting
   432 | D:2      | Reached skill level 1 in Evocations
   434 | D:2      | Upgraded the game from 0.31.0-7-gf635a9b802 to
                  | 0.31.0-9-g3a7656b989
   540 | D:2      | Reached skill level 1 in Shapeshifting
   540 | D:2      | Reached XP level 4. HP: 32/41 MP: 5/5
   979 | D:3      | Noticed Natasha
  1002 | D:3      | Reached skill level 1 in Conjurations
  1002 | D:3      | Reached skill level 1 in Hexes
  1002 | D:3      | Reached skill level 1 in Summonings
  1002 | D:3      | Reached skill level 1 in Necromancy
  1002 | D:3      | Reached skill level 1 in Translocations
  1002 | D:3      | Reached skill level 1 in Fire Magic
  1002 | D:3      | Reached skill level 1 in Ice Magic
  1002 | D:3      | Reached skill level 1 in Air Magic
  1002 | D:3      | Reached skill level 1 in Earth Magic
  1002 | D:3      | Reached skill level 1 in Alchemy
  1002 | D:3      | Killed Natasha
  1136 | D:3      | Noticed Natasha
  1141 | D:3      | Reached XP level 5. HP: 43/47 MP: 5/7
  1174 | D:3      | Killed Natasha
  1336 | D:3      | Noticed Terence
  1365 | D:3      | Killed Terence
  1431 | D:3      | Found a glowing drain.
  1458 | Sewer    | Entered a sewer
  1552 | Sewer    | Reached XP level 6. HP: 51/53 MP: 8/8
  1856 | Sewer    | Reached XP level 7. HP: 25/60 MP: 10/10
  2132 | D:3      | Noticed Jessica
  2175 | D:3      | Killed Jessica
  2283 | D:3      | Found a sacrificial altar of Ru.
  2285 | D:3      | Found a snail-covered altar of Cheibriados.
  2285 | D:3      | Noticed Natasha
  2308 | D:3      | Killed Natasha
  2311 | D:3      | Found a hazy altar of Hepliaklqana.
  2311 | D:3      | Found an ancient bone altar of Kikubaaqudgha.
  2311 | D:3      | Found a basalt altar of Yredelemnul.
  2330 | D:3      | Became a worshipper of Yredelemnul the Dark
  2330 | D:3      | Reached * piety under Yredelemnul
  2330 | D:3      | Reached ** piety under Yredelemnul
  2828 | D:4      | Found a shimmering blue altar of Sif Muna.
  3487 | D:5      | Entered Level 5 of the Dungeon
  3504 | D:5      | HP: 3/60 [scorpion (3)]
  3508 | D:5      | HP: 1/60 [poisoned by a scorpion]
  3509 | D:5      | Slain by a scorpion

Illustrated notes

Levels and vault maps discovered:
D:1:      minmay_arrival_hallway, layout_rooms, serial_shops, shop_fountains,
          nicolae_shop_rolled_up, shop, shop, roderic_nine_men_s_morris,
          dreamdust_mushroom_princess
D:2:      layout_loops_ring, minmay_octomino_e4
D:3:      layout_basic, grunt_temple_overflow_open, portal_sewer_entry_d,
          supply_closet_lemuel, uniq_jessica, uniq_natasha, uniq_terence
D:4:      layout_gridville, nicolae_sif_muna_condensation
D:5:      layout_cave_pools, gammafunk_temple_overflow_statue, minivault_5,
          kennysheep_minor_cross, hangedman_feature_mirror, grunt_decor_clamped,
          minmay_misc_feat_secret_circle, amcnicky_mini_rare_corridor_liquid,
          palyth_stone_intersect, uniq_sigmund

Skill      XL: |  1  2  3  4  5  6  7 |
---------------+----------------------+-----
Invocations    | 1 2 3 |  3.2
Short Blades   | 1 2 |  2.9
Long Blades    | 1 2 |  2.9
Axes           | 1 2 |  2.9
Maces & Flails | 1 2 |  2.9
Staves         | 1 2 |  2.9
Ranged Weapons | 1 2 |  2.9
Throwing       | 1 2 |  2.9
Armour         | 1 2 |  2.9
Stealth        | 1 2 |  2.9
Shields        | 1 2 |  2.9
Unarmed Combat | 1 2 |  2.9
Spellcasting   | 1 2 |  2.9
Evocations     | 1 2 |  2.9
Shapeshifting  | 1 2 |  2.6
Conjurations   | 1 2 |  2.3
Hexes          | 1 2 |  2.3
Summonings     | 1 2 |  2.3
Necromancy     | 1 2 |  2.3
Translocations | 1 2 |  2.3
Fire Magic     | 1 2 |  2.3
Ice Magic      | 1 2 |  2.3
Air Magic      | 1 2 |  2.3
Earth Magic    | 1 2 |  2.3
Alchemy        | 1 2 |  2.3
Fighting       | 7 |  7.2
Polearms       | 7 |  7.2
Dodging        | 7 |  7.2

Action                     |  1- 3 |  4- 6 |  7- 9 || total
---------------------------+-------+-------+-------++-------
  Melee: Spear             |   126 |   337 |   122 ||   585
         Bite              |    21 |    42 |    15 ||    78
  Evoke: Lightning rod     |       |       |     4 ||     4
    Use: Potion            |       |     1 |     2 ||     3
   Stab: Sleeping          |     1 |       |     1 ||     2
         Distracted        |       |       |     1 ||     1
 Armour: Robe              |    23 |   110 |       ||   133
         Leather armour    |       |       |    57 ||    57
  Dodge: Dodged            |    64 |   209 |    70 ||   343
